 Dungeon Crawl Stone Soup version 0.16-a0-3272-g378764d (webtiles) character file.

86 Rhaen the Ruffian (level 4, 0/36 HPs)
             Began as a Draconian Transmuter on May 17, 2015.
             Slain by Robin
             ... wielding a +0 mace
              (6 damage)
             ... on level 3 of the Dungeon.
             The game lasted 00:04:29 (2041 turns).

Rhaen the Ruffian (Draconian Transmuter)            Turns: 2041, Time: 00:04:32

Health: 0/36       AC:  5    Str: 13    XL:     4   Next: 27%
Magic:  3/8        EV: 12    Int: 13    God:
Gold:   117        SH:  0    Dex: 12    Spells: 2 memorised, 4 levels left

rFire  . . .     SeeInvis .       - Unarmed
rCold  . . .     Clarity  .     (armour unavailable)
rNeg   . . .     SustAb   .     (no shield)
rPois  .         Gourm    .     (helmet restricted)
rElec  .         Spirit   .     (no cloak)
rCorr  .         Warding  .     (no gloves)
rMut   .         Stasis   .     (no boots)
MR     .....                    (no amulet)
Stlth  +.........               (no ring)
                                (no ring)

@: very slightly contaminated, not resistant to hostile enchantments, very
unstealthy
A: unfitting armour, cold-blooded, AC +5
a: no special abilities


You were on level 3 of the Dungeon.
You were not hungry.

You visited 1 branch of the dungeon, and saw 3 of its levels.

You collected 117 gold pieces.

Inventory:

Missiles
 b - 30 arrows
Scrolls
 c - 2 scrolls of remove curse {unknown}
 e - 3 scrolls of magic mapping {unknown}
 f - a scroll of random uselessness {unknown}
 i - 2 scrolls of teleportation {unknown}
 j - a scroll of enchant armour {unknown}
 k - a scroll of blinking {unknown}
Books
 d - a book of Changes

   Spells                             Type                      Level
   a - Beastly Appendage              Transmutation                1
   b - Sticks to Snakes               Transmutation                2
   c - Spider Form                    Transmutation/Poison         3
   d - Ice Form                       Ice/Transmutation            4
   e - Blade Hands                    Transmutation                5
Comestibles
 a - a bread ration
 h - a meat ration
 o - 4 fruits


   Skills:
 - Level 1.8 Fighting
 - Level 2.2 Dodging
 - Level 3.8 Unarmed Combat
 - Level 2.5 Spellcasting
 + Level 2.6 Transmutations


You had 4 spell levels left.
You knew the following spells:

 Your Spells              Type           Power        Failure   Level  Hunger
a - Beastly Appendage     Trmt           #.....       10%         1    #......
b - Spider Form           Trmt/Pois      #.........   52%         3    ###....


Dungeon Overview and Level Annotations

Branches:
Dungeon (3/15)

Altars:

Portals:
Sewer: D:3

Annotations:
D:2 Sigmund
D:3 Robin


Innate Abilities, Weirdness & Mutations

Your plain brown scales are hard (AC +5).
Your body does not fit into most forms of armour.
Your cold-blooded metabolism reacts poorly to cold.


Message History

A hobgoblin comes into view. It is wielding a club.
You see here a club.
Robin hits you with a mace.
The goblin shouts!
The goblin hits you.
* * * LOW HITPOINT WARNING * * *
Robin throws the goblin at you!
Drink which item? (? for menu, Esc to quit)
You feel better. The goblin hits you. The goblin misses you.
The hobgoblin barely misses you.
Robin says, "My goblins will feast on your bones."
Robin hits you but does no damage.
You hit the hobgoblin.
You kill the hobgoblin!
The goblin hits you but does no damage. The goblin hits you with a club.
* * * LOW HITPOINT WARNING * * *
Robin roars a battlecry!
The goblins go into a battle-frenzy!
Robin hits you with a mace.
You die...

########### ###.........#
##.#?........#
#.ggsgg......#
##.#g@.......#
#†#g<..$....# ##########
##g#g...[....#
...g.gg..###g.÷##########
......##....g.).##
..!..?####.g.....#
......# #>(.....# .....##
#.......# #...##
#.......#


You could see Robin, a giant mite and 6 goblins.

Vanquished Creatures
  6 adders
  A giant mite (D:3)
  6 giant cockroaches
  2 goblins (D:1)
  9 hobgoblins
  3 kobolds (D:1)
  6 bats
  2 giant geckos
  A giant newt (D:1)
  A rat (D:1)
37 creatures vanquished.

Notes
Turn   | Place    | Note
--------------------------------------------------------------
     0 | D:1      | Rhaen, the Draconian Transmuter, began the quest for the Orb.
     0 | D:1      | Reached XP level 1. HP: 16/16 MP: 3/3
   257 | D:1      | Reached XP level 2. HP: 21/23 MP: 4/4
  1157 | D:2      | Reached XP level 3. HP: 8/28 MP: 3/6
  1171 | D:2      | HP: 2/42 [poisoned by an adder]
  1600 | D:2      | Learned a level 3 spell: Spider Form
  1620 | D:2      | Noticed Sigmund
  1660 | D:3      | Reached XP level 4. HP: 14/36 MP: 2/8
  1989 | D:3      | Found a glowing drain.
  1989 | D:3      | Noticed Robin
  2041 | D:3      | Slain by Robin

Action                   |  1- 3 |  4- 6 || total
-------------------------+-------+-------++-------
Melee: Unarmed           |   148 |    21 ||   169
 Cast: Beastly Appendage |    25 |     4 ||    29
  Use: Potion            |     7 |     1 ||     8
  Eat: Chunk             |     3 |       ||     3
       Bread ration      |       |     1 ||     1
